 Dungeon Crawl Stone Soup version 0.28-a0-1142-gc8569940dd (webtiles) character file.

Game seed: 4427112873980088604

182665 Vctrnx the Unseen (level 17, -3/89 HPs)
             Began as a Spriggan Enchanter on Dec 13, 2021.
             Was the Champion of Dithmenos.
             Killed from afar by a shock serpent (17 damage)
             ... with an electric aura
             ... on level 3 of the Snake Pit.
             The game lasted 01:35:48 (39039 turns).

Vctrnx the Unseen (Spriggan Enchanter)             Turns: 39039, Time: 01:35:51

Health: -3/89      AC: 16    Str: 13    XL:     17   Next: 72%
Magic:  28/51      EV: 29    Int: 16    God:    Dithmenos [******]
Gold:   1273       SH:  0    Dex: 18    Spells: 33/49 levels left

rFire   + . .      SeeInvis +   g - +3 dagger (protect)
rCold   . . .      Faith    .   (shield restricted)
rNeg    . . .      Spirit   .   y - +2 robe {rF+}
rPois   .          Reflect  .   (helmet restricted)
rElec   .          Harm     .   b - +2 cloak of Limited Liability {Fly Str+3}
rCorr   .          Rampage  .   (gloves unavailable)
Will    +++..                   (boots unavailable) Stlth *****+++++
                                (no amulet)
HPRegen 0.24/turn               J - +4 ring of slaying
MPRegen 0.32/turn               q - ring of Doors {Will+ MP+9 Slay+3 SInv}

@: under a protective aura, flying, wreathed by umbra, very quick
A: very small, no large weapons, unfitting armour, see invisible, speed 3,
iridescent scales 1, high mp 1
a: Renounce Religion, Shadow Step, Shadow Form


You were on level 3 of the Snake Pit.
You worshipped Dithmenos.
Dithmenos was exalted by your worship.
You visited 5 branches of the dungeon, and saw 27 of its levels.
You also visited: Ossuary, Bailey and Gauntlet.

You collected 4016 gold pieces.
You spent 2743 gold pieces at shops.

Inventory:

Hand Weapons
 g - a +3 dagger of protection (weapon)
 v - a +4 dagger
 C - a +2 vampiric short sword
 G - a +2 short sword of venom
Missiles
 f - 84 poisoned darts (quivered)
 r - 9 throwing nets
Armour
 b - the +2 cloak of Limited Liability (worn) {Fly Str+3}
   (You found it on level 7 of the Dungeon)

   Str:       It affects your strength (+3).
   Fly:       It grants you flight.
 y - a +2 robe of fire resistance (worn)
Jewellery
 k - the ring of Ryvasom {Fly rC+ SInv}
   (You found it in a bailey)

   [ring of protection from cold]

   rC:        It protects you from cold.
   SInv:      It lets you see invisible.
   Fly:       It grants you flight.
 m - a ring of protection from fire
 q - the ring of Doors (right hand) {Will+ MP+9 Slay+3 SInv}
   (You acquired it on level 6 of the Dungeon)

   [ring of willpower]

   Slay:      It affects your accuracy & damage with ranged weapons and melee
   (+3).
   MP:        It affects your magic capacity (+9).
   SInv:      It lets you see invisible.
   Will:      It increases your willpower.
 D - a ring of fire
 H - a ring of resist corrosion
 J - a +4 ring of slaying (left hand)
 M - the ring "Lopseuh" {*Slow rElec rPois Int+4}
   (You found it on level 3 of the Lair of Beasts)

   [ring of poison resistance]

   Int:       It affects your intelligence (+4).
   rElec:     It insulates you from electricity.
   rPois:     It protects you from poison.
   *Slow:     It may slow you when you take damage.
Wands
 c - a wand of polymorph (9)
 o - a wand of iceblast (3)
 A - a wand of flame (30)
 E - a wand of paralysis (3)
 O - a wand of charming (4)
Scrolls
 e - 15 scrolls of teleportation
 h - a scroll of magic mapping
 i - 3 scrolls of blinking
 s - 2 scrolls of identify
 B - 7 scrolls of enchant armour
 L - 3 scrolls of fog
 Q - a scroll of immolation
 R - a scroll of amnesia
 S - a scroll of summoning
 W - 2 scrolls of enchant weapon
Potions
 d - 6 potions of mutation
 j - 2 potions of flight
 l - 3 potions of lignification
 n - 6 potions of resistance
 p - 3 potions of ambrosia
 t - 7 potions of curing
 u - 4 potions of haste
 w - a potion of heal wounds
 z - 3 potions of attraction
 F - a potion of berserk rage
 K - 3 potions of might
 P - 4 potions of brilliance
 T - 2 potions of invisibility
 U - a potion of magic
Miscellaneous
 a - a lightning rod (4/4)
 N - a tin of tremorstones (inert)


   Skills:
 + Level 10.0 Fighting
 + Level 14.2 Short Blades
 + Level 15.4 Dodging
 + Level 20.8 Stealth
 + Level 16.9 Spellcasting
 + Level 17.0 Hexes


You had 33 spell levels left.
You knew the following spells:

 Your Spells              Type           Power      Damage    Failure   Level
a - Ensorcelled Hibernat  Hex/Ice        80%        N/A       1%          2
b - Tukima's Dance        Hex            62%        N/A       0%          3
c - Dazzling Flash        Conj/Hex       80%        N/A       1%          3
d - Discord               Hex            31%        N/A       26%         8

Your spell library contained the following spells:

 Spells                   Type           Power      Damage    Failure   Level
 Confusing Touch          Hex            62%        N/A       0%          3
 Portal Projectile        Hex/Tloc       80%        N/A       1%          3
 Fulminant Prism          Conj/Hex       20%        3d13      1%          4
 Silence                  Hex/Air        20%        N/A       3%          5
 Animate Skeleton         Necr           26%        N/A       4%          1
 Apportation              Tloc           26%        N/A       4%          1
 Sting                    Tmut/Pois      52%        1d5       4%          1
 Summon Small Mammal      Summ           52%        N/A       4%          1
 Corpse Rot               Necr/Air       26%        N/A       7%          2
 Static Discharge         Conj/Air       13%        N/A       7%          2
 Gell's Gravitas          Tloc           13%        N/A       14%         3
 Ignite Poison            Fire/Tmut/Pois 13%        N/A       14%         3
 Lesser Beckoning         Tloc           13%        N/A       14%         3
 Mephitic Cloud           Conj/Pois/Air  13%        N/A       14%         3
 Ozocubu's Armour         Ice            13%        N/A       14%         3
 Stone Arrow              Conj/Erth      26%        3d8       14%         3
 Teleport Other           Tloc           13%        N/A       14%         3
 Animate Armour           Summ/Erth      26%        N/A       41%         4
 Dispel Undead            Necr           13%        3d9       41%         4
 Iskenderun's Mystic Bla  Conj/Tloc      13%        2d5       41%         4
 Sticky Flame             Conj/Fire      13%        2d4       41%         4
 Summon Ice Beast         Ice/Summ       13%        N/A       41%         4
 Summon Lightning Spire   Summ/Air       13%        N/A       41%         4
 Agony                    Necr           13%        N/A       77%         5
 Blade Hands              Tmut           6%         N/A       77%         5
 Excruciating Wounds      Necr           6%         N/A       77%         5
 Freezing Cloud           Conj/Ice/Air   6%         6-21      77%         5
 Irradiate                Conj/Tmut      6%         3d15      77%         5
 Iskenderun's Battlesphe  Conj           13%        2d7       77%         5
 Lee's Rapid Deconstruct  Erth           6%         3d7*      77%         5
 Conjure Ball Lightning   Conj/Air       6%         3x3d6     100%        6
 Death Channel            Necr           6%         N/A       100%        6
 Iron Shot                Conj/Erth      6%         9d2       100%        6
 Dragon Form              Tmut           6%         N/A       100%        7
 Haunt                    Necr/Summ      6%         N/A       100%        7
 Ozocubu's Refrigeration  Ice            6%         4d6       100%        7
 Spellforged Servitor     Conj/Summ      6%         N/A       100%        7
 Storm Form               Tmut/Air       6%         N/A       100%        7
 Disjunction              Tloc           6%         N/A       100%        8
 Lehudib's Crystal Spear  Conj/Erth      6%         10d3      100%        8
 Maxwell's Capacitive Co  Air            6%         ∞         100%        8


Dungeon Overview and Level Annotations

Branches:
Dungeon (15/15)            Temple (1/1) D:4            Lair (6/6) D:10
 Shoals (0/4) Lair:3        Snake (3/4) Lair:4        Slime (0/5) Lair:5
    Orc (2/2) D:9             Elf (0/3) Orc:2        Vaults (0/5) D:13
 Depths (0/4) D:15        Ossuary (visited)          Bailey (visited)
Gauntlet (visited)

Altars:
Ashenzari
Cheibriados
Dithmenos
Elyvilon
Fedhas
Gozag
Hepliaklqana
Kikubaaqudgha
Makhleb
Nemelex Xobeh
Okawaru
Qazlal
Ru
Sif Muna
Trog
Uskayaw
Vehumet
Wu Jian
Xom
Yredelemnul
Zin
The Shining One
Beogh
Jiyva

Shops:
D:5 [   D:12 :   Orc:2 **:   Snake:2 :

Annotations:
D:7 2 transporters, anet's ghost, novice HOCj
D:12 exclusion: ice statue
Snake:3 Vashnia


Innate Abilities, Weirdness & Mutations

You are very small and have problems with some larger weapons.
You are too small for most types of armour.
You have supernaturally acute eyesight. (SInv)
You cover ground extremely quickly. (Speed+++)
You are partially covered in iridescent scales. (AC +2)
You have an increased reservoir of magic. (+10% MP)


Message History

The black mamba misses the shock serpent.
The black mamba closely misses the shock serpent.
The shock serpent bites the black mamba.
The shock serpent shocks the black mamba!
The black mamba dies!
You feel sick. Dithmenos accepts your kill.
You feel a bit more experienced.
Unknown command.
You feel better.
You feel much better.
Unknown command.
Unknown command.
Casting: Discord (quite dangerous; 26% risk of failure)
Confirm with . or Enter, or press ? or * to list all spells.
Aiming: Ensorcelled Hibernation (safe; 1% risk of failure)
Press: ? - help, Shift-Dir - straight line, f - shock serpent
Aim: a shock serpent (black smoke, umbra, chance to affect: 50%)
The shock serpent resists with some effort.
Your shadow mimicks your spell!
The shock serpent easily resists.
The shock serpent bites you!
* * * LOW HITPOINT WARNING * * *
The shock serpent shocks you!
* * * LOW HITPOINT WARNING * * *
You emit a cloud of dark smoke.
You feel a bit more experienced.
Unknown command.
Casting: Ensorcelled Hibernation (safe; 1% risk of failure)
Confirm with . or Enter, or press ? or * to list all spells.
Aiming: Ensorcelled Hibernation (safe; 1% risk of failure)
Press: ? - help, Shift-Dir - straight line, f/p - shock serpent
Aim: a shock serpent (black smoke, umbra, chance to affect: 50%)
The shock serpent looks drowsy...
Unknown command.
The helpless shock serpent fails to defend itself.
You stick the shock serpent like a pincushion!!!!!
Your weapon exudes an aura of protection.
You kill the shock serpent!
Dithmenos accepts your kill.
The air sparks with electricity, shocking you!
You die...

##.....)[...#...N.....
###...............?.....
.......)..............N.
##.......)...N.........
#...........N).......#
##§§§§.....<.#...[..)#
#§§§#####..###.##..##
#§§§§####......##..#
#§#§@........>.##..#
#.#§§§.........##..#
#†##§####...##.##...
#S##.# #...##.......
#.##.# #...# ## #.##.#
...... .)..... .......


There were no monsters in sight!

Vanquished Creatures
  Asterion (Snake:2)
  Donald (Snake:3)
  A nagaraja (Snake:2)
  An orc warlord (Orc:1)
  Nessos (D:12)
  A dire elephant (D:15)
  Snorg (Lair:3)
  Josephine (D:10)
  An ettin (Orc:2)
  A great orb of eyes (D:15)
  Harold (D:7)
  A hell beast (Gauntlet)
  4 boulder beetles
  Fannar (D:12)
  4 naga warriors
  8 vault guards (D:13)
  5 centaur warriors
  13 hydras
  4 ogre magi (Orc:2)
  9 death yaks
  4 anacondas
  13 two-headed ogres
  3 tengu warriors
  A shock serpent (Snake:3)
  4 naga sharpshooters
  Urug (Lair:4)
  A salamander mystic (Snake:2)
  5 skeletal warriors
  A naga ritualist (Snake:1)
  2 orc knights (Bailey)
  A deep elf pyromancer (D:12)
  Pikel (D:4)
  3 orc sorcerers (Orc:1)
  7 ugly things
  6 mana vipers
  A worldbinder (Gauntlet)
  7 salamanders
  3 wolf spiders
  19 elephants
  6 manticores
  6 cyclopes
  Joseph (D:8)
  A centaur zombie (D:11)
  5 naga magi
  A black mamba (shapeshifter) (D:14)
  21 black mambas
  2 guardian serpents
  4 orange demons (D:14)
  2 torpor snails
  20 cane toads
  2 gargoyles
  An unseen horror (D:10)
  A rime drake (Lair:3)
  2 kobold demonologists (D:12)
  2 tengu conjurers
  5 komodo dragons
  A yaktaur (D:15)
  2 trolls
  A queen bee (D:8)
  14 polar bears
  4 hornets
  12 blink frogs
  3 raiju (Lair:6)
  10 slime creatures
  2 vampires
  3 redbacks (Lair:6)
  Grum (D:9)
  6 basilisks
  54 yaks
  4 wraiths (D:10)
  14 wyverns
  A shadow (D:13)
  A steam dragon (D:6)
  6 wargs
  11 nagas
  An acid dragon (D:12)
  19 water moccasins
  14 hell hounds (Lair:6)
  A swamp drake (D:14)
  A sky beast (D:7)
  18 orc warriors
  23 wolves
  14 black bears
  24 ogres
  5 boggarts
  15 centaurs
  A lemure (D:4)
  A small abomination (Gauntlet)
  Blork the orc (D:4)
  7 kobold brigands
  16 bullfrogs
  8 gnoll sergeants
  12 scorpions
  7 water moccasin zombies (Ossuary)
  2 water moccasin skeletons (D:5)
  21 killer bees
  5 wights (D:8)
  5 howler monkeys
  2 bullfrog zombies (D:5)
  A hound (D:5)
  9 orc priests
  A bullfrog skeleton (D:6)
  A gnoll shaman (D:8)
  2 centaur skeletons
  5 iguanas
  11 orc wizards
  Ijyb (D:4)
  2 mummies (Ossuary)
  15 gnolls
  10 adders
  A shadow imp (D:7)
  A white imp (D:7)
  An ufetubus (D:5)
  4 adder zombies (Ossuary)
  An adder skeleton (D:5)
  3 dart slugs
  65 orcs
  5 ball pythons
  8 endoplasms
  2 gnoll zombies (Ossuary)
  7 goblins
  5 hobgoblins
  7 jackals
  30 kobolds
  A quokka (D:2)
  9 bats
  5 frilled lizards (D:2)
  5 hobgoblin zombies (Ossuary)
  5 kobold zombies (Ossuary)
  3 orc zombies (Ossuary)
  5 rats
829 creatures vanquished.

Vanquished Creatures (collateral kills)
  Rupert (Lair:3)
  4 two-headed ogres
  A shock serpent (Snake:3)
  A naga sharpshooter (Snake:3)
  A salamander mystic (Snake:3)
  A naga ritualist (Snake:3)
  A mana viper (Snake:3)
  2 naga magi
  2 black mambas
  2 nagas
  4 orc warriors
  2 ogres (Orc:1)
  A scorpion (D:14)
  A wight (D:8)
  2 orc priests
  An orc wizard (Orc:1)
  A killer bee zombie (D:6)
  3 gnolls
  8 orcs
  A goblin (Bailey)
  5 kobolds
45 creatures vanquished.

Vanquished Creatures (others)
  2 salamander mystics (Snake:3)
  2 black mambas (Snake:3)
  27 dancing weapons
  A boggart (D:12)
  A centaur (D:8)
  3 scorpions (D:14)
  A gnoll (D:8)
  2 orcs (Orc:2)
  3 bushes (D:10)
  33 fungi
  116 plants
191 creatures vanquished.

Grand Total: 1065 creatures vanquished

Notes
Turn   | Place    | Note
-------+----------+-------------------------------------------
     0 | D:1      | Vctrnx the Spriggan Enchanter began the quest for the Orb.
     0 | D:1      | Reached XP level 1. HP: 9/9 MP: 5/5
    46 | D:1      | Found a faded altar of an unknown god.
   485 | D:1      | Reached XP level 2. HP: 13/13 MP: 7/7
   488 | D:1      | Learned a level 2 spell: Ensorcelled Hibernation
  1978 | D:2      | Reached XP level 3. HP: 16/16 MP: 3/9
  1982 | D:2      | Learned a level 3 spell: Tukima's Dance
  1986 | D:2      | Learned a level 3 spell: Dazzling Flash
  3178 | D:4      | Reached XP level 4. HP: 21/21 MP: 8/11
  3211 | D:3      | Reached skill level 5 in Hexes
  3780 | D:4      | Found a staircase to the Ecumenical Temple.
  3798 | Temple   | Entered the Ecumenical Temple
  3925 | Temple   | Became a worshipper of Dithmenos the Shadowed
  3997 | D:4      | Noticed a lemure
  3997 | D:4      | Noticed a lemure
  3998 | D:4      | Noticed a lemure
  4031 | D:4      | Killed a lemure
  4104 | D:4      | Noticed Pikel
  4106 | D:4      | Identified the +11 mace "Zutaorch" {pain, rF+ rCorr Str+4
                  | Dex-5}
  4364 | D:4      | Found a bloodstained altar of Trog.
  4377 | D:4      | Noticed a bullfrog
  4389 | D:4      | Killed a bullfrog
  4390 | D:4      | Reached skill level 5 in Spellcasting
  4390 | D:4      | Reached XP level 5. HP: 24/24 MP: 11/13
  4555 | D:4      | Noticed a lemure
  4560 | D:4      | Gained mutation: You have an increased reservoir of magic.
                  | (+10% MP) [potion of mutation]
  4560 | D:4      | Gained mutation: You are partially covered in iridescent
                  | scales. (AC +2) [potion of mutation]
  4570 | D:4      | HP: 1/24 [Pikel (5)]
  4585 | D:4      | Killed Pikel
  4586 | D:4      | Reached skill level 6 in Stealth
  4586 | D:4      | Reached XP level 6. HP: 9/28 MP: 5/18
  4586 | D:4      | Reached XP level 7. HP: 11/32 MP: 5/19
  5097 | D:4      | Noticed Blork the orc
  5119 | D:4      | Killed Blork the orc
  5120 | D:4      | Reached skill level 7 in Stealth
  5122 | D:4      | Found a shimmering blue altar of Sif Muna.
  5313 | D:4      | Noticed Ijyb
  5324 | D:4      | Killed Ijyb
  5456 | D:5      | Entered Level 5 of the Dungeon
  5459 | D:5      | Found Jokh's Antique Armour Emporium.
  6201 | D:5      | Reached skill level 8 in Stealth
  6308 | D:5      | Reached XP level 8. HP: 36/36 MP: 21/21
  6439 | D:6      | Reached * piety under Dithmenos
  6894 | D:6      | Reached skill level 9 in Stealth
  7321 | D:6      | Reached skill level 10 in Stealth
  7686 | D:6      | Identified a scroll of acquirement
  7686 | D:6      | Acquired the ring of Doors {Will+ MP+9 Slay+3 SInv}
  7946 | D:7      | Noticed Harold
  7952 | D:7      | Killed Harold
  7953 | D:7      | Reached skill level 11 in Stealth
  7953 | D:7      | Reached XP level 9. HP: 23/39 MP: 25/25
  8100 | D:7      | Noticed anet's ghost (novice HOCj)
  8101 | D:7      | Reached skill level 10 in Hexes
  8376 | D:7      | Noticed a queen bee
  8397 | D:7      | Found a transporter.
  8519 | D:7      | Found a sand-covered staircase.
  8526 | Ossuary  | Entered an ossuary
  8795 | Ossuary  | Reached ** piety under Dithmenos
  8846 | Ossuary  | Reached skill level 10 in Spellcasting
  8855 | Ossuary  | Reached skill level 12 in Stealth
  9066 | D:7      | Reached *** piety under Dithmenos
  9074 | D:7      | Reached skill level 1 in Fighting
  9163 | D:7      | Reached XP level 10. HP: 46/46 MP: 27/27
  9276 | D:7      | Noticed a two-headed ogre
  9288 | D:7      | Killed a two-headed ogre
  9458 | D:7      | Noticed a cyclops
  9463 | D:7      | Killed a cyclops
  9604 | D:7      | Identified the +2 cloak of Limited Liability {Fly Str+3}
  9830 | D:7      | Found a transporter.
  9952 | D:8      | Reached skill level 5 in Dodging
  9994 | D:8      | Found a flagged portal.
 10017 | Bailey   | Entered a bailey
 10147 | Bailey   | Noticed an orc knight
 10150 | Bailey   | Killed an orc knight
 10151 | Bailey   | Reached skill level 13 in Stealth
 10154 | Bailey   | Identified the ring of Ryvasom {Fly rC+ SInv}
 10162 | Bailey   | Found a bloodstained altar of Trog.
 10162 | Bailey   | Noticed an orc knight
 10176 | Bailey   | Killed an orc knight
 10314 | D:8      | Found a shimmering altar of Xom.
 10325 | D:8      | Noticed a gargoyle
 10340 | D:8      | Killed a gargoyle
 10553 | D:8      | Noticed a two-headed ogre
 10566 | D:8      | Killed a two-headed ogre
 10567 | D:8      | Reached XP level 11. HP: 48/52 MP: 29/29
 10667 | D:8      | Found a blossoming altar of Fedhas.
 10747 | D:8      | Found a white marble altar of Elyvilon.
 10810 | D:8      | Reached **** piety under Dithmenos
 11123 | D:8      | Reached skill level 5 in Short Blades
 11163 | D:8      | Noticed Joseph
 11169 | D:8      | Killed Joseph
 11969 | D:9      | Found a stormy altar of Qazlal.
 12016 | D:9      | Noticed a two-headed ogre
 12021 | D:9      | Killed a two-headed ogre
 12022 | D:9      | Reached skill level 14 in Stealth
 12025 | D:9      | Noticed a brown ugly thing
 12041 | D:9      | Killed a brown ugly thing
 12101 | D:9      | Found a hide-covered altar of Uskayaw.
 12101 | D:9      | Found an iron altar of Okawaru.
 12101 | D:9      | Found a sparkling altar of Nemelex Xobeh.
 12114 | D:9      | You are sucked into a shaft and drop 1 floor!
 12114 | D:10     | Entered Level 10 of the Dungeon
 12165 | D:10     | Noticed Josephine
 12280 | D:9      | Reached ***** piety under Dithmenos
 12355 | D:9      | Noticed Grum
 12368 | D:9      | Killed Grum
 12796 | D:9      | Found an opulent altar of Gozag.
 12840 | D:9      | Found a staircase to the Orcish Mines.
 13106 | D:10     | Killed Josephine
 13359 | D:10     | Reached XP level 12. HP: 59/59 MP: 31/31
 13388 | D:10     | Found a staircase to the Lair.
 13565 | D:10     | Reached skill level 5 in Fighting
 13999 | D:11     | Noticed a two-headed ogre
 14048 | D:11     | Killed a two-headed ogre
 14049 | D:11     | Reached skill level 15 in Stealth
 14342 | D:11     | Noticed a boulder beetle
 14347 | D:11     | Killed a boulder beetle
 15129 | D:12     | Noticed a centaur warrior
 15143 | D:12     | Killed a centaur warrior
 15226 | D:12     | Found Echawif's Book Emporium.
 15291 | D:12     | Found a snail-covered altar of Cheibriados.
 15413 | D:12     | Found a gate leading to a gauntlet.
 15422 | Gauntlet | Entered a Gauntlet
 15422 | Gauntlet | Found a transporter.
 15428 | Gauntlet | Found a runed translucent gate.
 15428 | Gauntlet | Found a runed translucent gate.
 15428 | Gauntlet | Found a runed translucent gate.
 15430 | Gauntlet | Found a transporter.
 15434 | Gauntlet | Found a transporter.
 15445 | Gauntlet | Found a transporter.
 15446 | Gauntlet | Found a transporter.
 15446 | Gauntlet | Found the dreamshard necklace {*Dream Drain}
 15454 | Gauntlet | Found a transporter.
 15458 | Gauntlet | Found a transporter.
 15466 | Gauntlet | Found a transporter.
 15470 | Gauntlet | Found a transporter.
 15478 | Gauntlet | Noticed a hell beast
 15481 | Gauntlet | Found a transporter.
 15509 | Gauntlet | Found a transporter.
 15521 | Gauntlet | Found a transporter.
 15534 | Gauntlet | Found a transporter.
 15547 | Gauntlet | Found a transporter.
 15881 | Gauntlet | Killed a hell beast
 15893 | Gauntlet | Identified the +1 hunting sling "Iguu" {speed, rElec Str-5
                  | Dex+5}
 15893 | Gauntlet | Noticed a minotaur
 15952 | Gauntlet | Got the Papyrus of Nocuous Slavery
 16236 | D:12     | Noticed Nessos
 16239 | D:12     | Noticed Fannar
 16243 | D:12     | Killed Nessos
 16264 | D:12     | Killed Fannar
 16802 | D:12     | Identified the +9 long sword "Paunogaq" {drain, rPois
                  | Int+4}
 16854 | D:12     | Reached skill level 16 in Stealth
 17143 | D:13     | Reached skill level 10 in Dodging
 17143 | D:13     | Reached XP level 13. HP: 36/65 MP: 30/34
 17645 | D:13     | Found a gate to the Vaults.
 19223 | D:14     | Reached skill level 17 in Stealth
 19267 | D:14     | Found a shimmering blue altar of Sif Muna.
 20025 | Lair:1   | Entered Level 1 of the Lair of Beasts
 20111 | Lair:1   | Reached XP level 14. HP: 72/72 MP: 36/36
 21736 | Lair:3   | Noticed Rupert
 21894 | Lair:3   | Killed Rupert
 22116 | Lair:3   | Reached skill level 10 in Short Blades
 22120 | Lair:3   | Found a transporter.
 22151 | Lair:3   | Found a transporter.
 22465 | Lair:3   | Identified the ring "Lopseuh" {*Slow rElec rPois Int+4}
 22532 | Lair:3   | Reached skill level 18 in Stealth
 22942 | Lair:3   | Found a staircase to the Shoals.
 23071 | Lair:3   | Noticed Snorg
 23073 | Lair:3   | Killed Snorg
 23144 | Lair:3   | Reached skill level 15 in Hexes
 23585 | Lair:4   | Noticed Urug
 23593 | Lair:4   | Killed Urug
 23990 | Lair:4   | Found a staircase to the Snake Pit.
 24380 | Lair:4   | Reached skill level 15 in Spellcasting
 24595 | Lair:5   | Found a runed translucent door.
 25244 | Lair:5   | Reached XP level 15. HP: 74/77 MP: 38/38
 25682 | Lair:5   | Noticed an acid blob
 25683 | Lair:5   | Found a viscous altar of Jiyva.
 25683 | Lair:5   | Noticed an acid blob
 25684 | Lair:5   | Found a staircase to the Slime Pits.
 25684 | Lair:5   | Noticed an acid blob
 26114 | Lair:6   | Entered Level 6 of the Lair of Beasts
 26479 | Lair:6   | Reached skill level 19 in Stealth
 26964 | Lair:6   | Reached XP level 16. HP: 82/82 MP: 40/40
 27292 | Lair:6   | Reached ****** piety under Dithmenos
 29702 | Orc:1    | Entered Level 1 of the Orcish Mines
 29885 | Orc:2    | Entered Level 2 of the Orcish Mines
 32330 | Orc:2    | Found Ofosax's Distillery.
 32330 | Orc:2    | Found Ijoikhoph's General Store.
 32332 | Orc:2    | Found Hidylim's Assorted Antiques.
 32332 | Orc:2    | Found Ahiehon's Book Emporium.
 32366 | Orc:2    | Reached XP level 17. HP: 65/88 MP: 33/41
 32486 | Orc:2    | Bought a scroll of immolation for 119 gold pieces
 32486 | Orc:2    | Bought a scroll of teleportation for 102 gold pieces
 32486 | Orc:2    | Bought 2 potions of invisibility for 544 gold pieces
 32486 | Orc:2    | Bought a scroll of holy word for 255 gold pieces
 32488 | Orc:2    | Bought a +0 chain mail for 45 gold pieces
 32488 | Orc:2    | Bought a scroll of teleportation for 30 gold pieces
 32489 | Orc:2    | Bought a potion of heal wounds for 90 gold pieces
 32489 | Orc:2    | Bought a potion of mutation for 144 gold pieces
 32489 | Orc:2    | Bought a potion of heal wounds for 90 gold pieces
 32489 | Orc:2    | Bought 2 potions of heal wounds for 180 gold pieces
 32489 | Orc:2    | Bought 2 potions of resistance for 360 gold pieces
 32489 | Orc:2    | Bought a potion of haste for 180 gold pieces
 32489 | Orc:2    | Bought a potion of curing for 54 gold pieces
 32707 | Orc:2    | Reached skill level 20 in Stealth
 32944 | Orc:2    | Found a staircase to the Elven Halls.
 33152 | Orc:2    | Bought a book of Chaos for 550 gold pieces
 33161 | Orc:2    | Learned a level 8 spell: Discord
 33396 | D:15     | Entered Level 15 of the Dungeon
 34272 | D:15     | Found a staircase to the Depths.
 34642 | Snake:1  | Entered Level 1 of the Snake Pit
 36715 | Snake:2  | Reached skill level 15 in Dodging
 36843 | Snake:2  | Noticed Asterion
 36845 | Snake:2  | Killed Asterion
 37470 | Snake:2  | Found Zuag Boy's Book Shop.
 37586 | Snake:3  | Noticed Donald
 37594 | Snake:3  | Killed Donald
 37628 | Snake:3  | Noticed Vashnia
 37642 | Snake:2  | HP: 4/88 [naga sharpshooter/bolt[Vashnia] (33)]
 38688 | Snake:2  | Reached skill level 10 in Fighting
 39039 | Snake:3  | Killed from afar by a shock serpent

Illustrated notes

Levels and vault maps discovered:
D:1:      wander_arrival_desolate, layout_basic,
          dreamdust_ecumenical_altar_statues, dk_noncrumbling_3,
          corexii_hall_statues_l
D:2:      layout_basic
D:3:      layout_loops_cross
D:4:      minmay_general_purpose_star, layout_loops_ring, bloody_trog, tgw_sif,
          minmay_temple_entry_statues_fountains, minivault_26,
          chequers_hall_statues_y, minivault_27, uniq_ijyb, uniq_pikel
D:5:      layout_loops_ring, serial_shops, shop, uniq_blork_the_orc
D:6:      old_forge, layout_loops_ring, chequers_arboretum
D:7:      layout_loops_ring, gammafunk_ghost_hive,
          nicolae_ossuary_entry_monument, minmay_the_grid_2x2
          [minmay_the_grid_expand, minmay_the_grid_odd_star,
          minmay_the_grid_tree, minmay_the_grid_prize_trominoes], uniq_harold
D:8:      layout_layer_cave, fedhas_ov_isle_minmay, elyvilon_altar_5,
          old_standard_altar, enter_bailey_5, nicolae_looking_at_the_future,
          uniq_joseph
D:9:      layout_cave_pools, mainiacjoe_overflow_chevrons,
          gammafunk_temple_overflow_claw, grunt_gozag_statues,
          kennysheep_orc_monster_closet_entryway, hex_large, uniq_grum
D:10:     layout_rooms, minmay_lair_entry_grove, uniq_josephine
D:11:     layout_basic, serial_aquarium, aquarium_bridge_island_large
          [aquarium_subvault_large_open, aquarium_subvault_bridge,
          aquarium_subvault_wall, aquarium_subvault_balcony,
          aquarium_subvault_bridge], aquarium_window_1, aquarium_window_1,
          aquarium_window_1, aquarium_view_2c, aquarium_balcony_5a
D:12:     layout_irregular_city, serial_shops, shop, gauntlet_entry_generic,
          minivault_15, cheibriados_altar_1, uniq_fannar, uniq_nessos
D:13:     layout_grid_maze, erik_vaults_2
D:14:     layout_basic, lemuel_tele_altar, einodemon_barbed_minivault
D:15:     hangedman_depths_entry_try_elsewhere_first, layout_stronghold,
          evilmike_butchery
Temple:   minmay_temple_bridge_abc
Lair:1:   layout_concentric_octagons, lemuel_fruit_fields, grunt_megastairs_5
Lair:2:   layout_cave_pods
Lair:3:   gammafunk_worm_tunnel, layout_regular_city, elwin_shoals_entry_rooms,
          fungi_pond_lemuel, bh_autumn_forest_stairs, beast_lair_carwin_9,
          uniq_rupert, uniq_snorg
Lair:4:   layout_hall_layers, dummy_snake_entry, serial_bayou_shore_a, uniq_urug
Lair:5:   layout_gridlike, slime_altar_2, grunt_megastairs_4
Lair:6:   hangedman_lair_tendril_chambers, layout_concentric_octagons,
          hangedman_lair_caniforms_friends
Snake:1:  layout_gridlike, grunt_ministairs_4
Snake:2:  layout_rooms, serial_shops, shop, grunt_megastairs_2, uniq_asterion
Snake:3:  layout_gridlike, st_stairs_9, uniq_vashnia, uniq_donald
Orc:1:    layout_caves
Orc:2:    st_orc_ogre_mass, layout_caves, basic_altar

Skill      XL: |  1  2  3  4  5  6  7  8  9 10 11 12 13 14 15 16 17 |
---------------+----------------------------------------------------+-----
Spellcasting   | 3 4 5 6 7 9 10 11 12 13 14 15 16 | 16.9
Hexes          | 4 5 7 9 10 11 12 13 14 15 16 17 | 17.0
Stealth        | 6 8 11 12 13 14 16 17 18 19 20 | 20.8
Dodging        | 3 6 8 10 11 13 14 15 | 15.4
Fighting       | 1 3 4 6 7 8 9 10 | 10.0
Short Blades   | 2 4 6 8 9 10 12 13 14 | 14.2

Action                   |  1- 3 |  4- 6 |  7- 9 | 10-12 | 13-15 | 16-18 || total
-------------------------+-------+-------+-------+-------+-------+-------++-------
Melee: Dagger            |   132 |    82 |   353 |   428 |   573 |   661 ||  2229
 Cast: Ensorcelled Hiber |    12 |    12 |    63 |   184 |   229 |   188 ||   688
       Tukima's Dance    |       |     1 |    10 |    54 |    34 |    71 ||   170
       Dazzling Flash    |       |       |    10 |    10 |    24 |    37 ||    81
       Discord           |       |       |       |       |       |     2 ||     2
Invok: Shadow Step       |       |       |       |     2 |     4 |     3 ||     9
Evoke: Wand              |       |       |       |     7 |    20 |     4 ||    31
       Tin of tremorston |       |       |       |       |     2 |     4 ||     6
  Use: Scroll            |     5 |     2 |     7 |     7 |     8 |    11 ||    40
       Potion            |     1 |     7 |     1 |     4 |     4 |    13 ||    30
 Stab: Sleeping          |    23 |     7 |    56 |   127 |   171 |   147 ||   531
       Distracted        |     1 |       |     1 |     3 |     3 |     8 ||    16
       Invisible         |       |       |     1 |     4 |    14 |    28 ||    47
Armor: Robe              |    14 |    10 |    61 |    92 |    97 |    93 ||   367
       Skin              |       |     6 |       |       |       |       ||     6
Dodge: Dodged            |    97 |    64 |   325 |   624 |   664 |   934 ||  2708

Table legend: (Time is in decaauts)
 A = Elapsed time spent in this place.
 B = Non-inter-level travel time spent in this place.
 C = Inter-level travel time spent in this place.
 D = Time resting spent in this place.
 E = Time spent auto-exploring this place.
 F = Levels seen in this place.
 G = Mean time per level.
                   A        B        C        D        E       F      G
               +--------+--------+--------+--------+--------+-----+--------+
         Total |  30592 |  29545 |   1047 |   7582 |  15752 |  30 | 1019.7 |
       Dungeon |  15332 |  14777 |    555 |   2503 |   8958 |  15 | 1022.1 |
        Temple |    127 |    114 |     13 |      0 |    103 |   1 |  127.0 |
          Lair |   7453 |   7183 |    270 |   1538 |   4077 |   6 | 1242.2 |
     Snake Pit |   3708 |   3576 |    132 |   1387 |   1788 |   3 | 1236.0 |
  Orcish Mines |   2959 |   2884 |     75 |   1701 |    675 |   2 | 1479.5 |
       Ossuary |    421 |    421 |      0 |    233 |     37 |   1 |  421.0 |
        Bailey |    183 |    183 |      0 |     31 |     33 |   1 |  183.0 |
      Gauntlet |    407 |    407 |      0 |    187 |     79 |   1 |  407.0 |
               +--------+--------+--------+--------+--------+-----+--------+

Top non-repeatable levels by time:
  Lair:6: 2720 daAuts
 Snake:2: 2325 daAuts
   Orc:1: 2259 daAuts
  Lair:3: 1526 daAuts
  Lair:4: 1351 daAuts
     D:4: 1322 daAuts
     D:6: 1281 daAuts
 Snake:1: 1265 daAuts
    D:12: 1261 daAuts
     D:8: 1260 daAuts
     D:1: 1234 daAuts
    D:11: 1199 daAuts
     D:7: 1163 daAuts
    D:13: 1066 daAuts
     D:2: 958 daAuts
